 Dungeon Sprint DCSS version 0.23.2 (webtiles) character file.

Game seed: 2365445461850230049

900000 Fang the Warrior (level 13, -6/122 HPs)
             Began as a Demonspawn Gladiator on Apr 2, 2019.
             Was a Follower of Makhleb.
             Mangled by a bag of meat
             ... wielding a +9 war axe
              (40 damage)
             ... in the Dungeon (Sprint VIII: "Arena of Blood").
             The game lasted 00:00:08 (9 turns).

Fang the Warrior (Demonspawn Gladiator)                Turns: 9, Time: 00:00:09

Health: -6/122     AC:  8    Str: 19    XL:     13   Next: 71%
Magic:  13/13      EV: 25    Int:  9    God:    Makhleb [*.....]
Gold:   0          SH:  0    Dex: 16    Spells: 12/12 levels left

rFire    + . .     SeeInvis .   l - +∞ Axe of Woe
rCold    . . .     Gourm    .   (shield currently unavailable)
rNeg     . . .     Faith    .   b - +0 leather armour
rPois    .         Spirit   .   c - +0 helmet
rElec    .         Reflect  .   (no cloak)
rCorr    .         Harm     .   (no gloves)
MR       .....     NoTele   +   (no boots)
Stlth    +.........             (no amulet)
HPRegen  0.30/turn              (no ring)
MPRegen  0.13/turn              (no ring)

@: no status effects
A: claws 2, molten scales 3, demonic guardian 1, foul stench 1, rot immunity
a: Renounce Religion


You were in the Dungeon.
You worshipped Makhleb.
Makhleb was aware of your devotion.
You were not hungry.

You visited 1 branch

Inventory:

Hand Weapons
 a - a +0 war axe
 l - the +∞ Axe of Woe (weapon)
   (You found it in the Dungeon)
Missiles
 d - 3 throwing nets (quivered)
Armour
 b - a +0 leather armour (worn)
 c - a +0 helmet (worn)
Scrolls
 k - a scroll of blinking
Potions
 e - a potion of curing
 g - a potion of heal wounds
 h - a potion of haste
 i - 2 potions of magic
 j - a potion of berserk rage
Comestibles
 f - a ration


   Skills:
 + Level 18.2 Fighting
 + Level 17.0 Axes
 + Level 16.9 Throwing
 + Level 17.0 Dodging


You had 12 spell levels left.
You didn't know any spells.
Your spell library was empty.

Dungeon Overview and Level Annotations

Branches:
Dungeon (1/1)

Altars:
Makhleb


Innate Abilities, Weirdness & Mutations

You have very sharp fingernails.
You are completely covered in molten scales. (AC +4, rF+)
A weak demonic guardian rushes to your aid.
You may emit foul miasma when damaged in melee.
You are immune to rotting.


Message History

Your Fighting skill gained 4 levels and is now at level 18!
Your Axes skill gained 4 levels and is now at level 17!
Your Throwing skill gained 3 levels and is now at level 16!
Your Dodging skill gained 4 levels and is now at level 17!
You have reached level 12!
Your experience leads to an increase in your attributes!
Increase (S)trength, (I)ntelligence, or (D)exterity?
You feel stronger. x2; Your demonic ancestry asserts itself...
Your fingernails sharpen.
You have reached level 13!
You hear a shout! x9
The bag of meat hits your quasit with a +9 war axe!!
Your quasit dies!
You hear a shout! x8
The bag of meat hits you with a +9 war axe!
* * * LOW HITPOINT WARNING * * *
The bag of meat looks sick.
You emit a cloud of foul miasma!
You hear a shout!
The bag of meat hits you with a +9 war axe!!!
You die...

.. .. .. .. #.
.# #.. ..#
.###.o ..###.
......###......
.....Oo@oo.....
....#.)o.o#....
. #_.<._# .
#..O..#
....o_.....
......###......
o###.. ..###.
#.. ..# #.. ..#


You could see 2 meat berserkers and 6 bags of meat.

Vanquished Creatures
  An ogre (D)
  An orc (D)
2 creatures vanquished.

Notes
Turn   | Place    | Note
-------+----------+-------------------------------------------
     0 | D        | Found the +∞ Axe of Woe
     0 | D        | Fang the Demonspawn Gladiator began the quest for the Orb.
     0 | D        | Reached XP level 1. HP: 16/16 MP: 1/1
     3 | D        | Noticed a bag of meat
     3 | D        | Noticed a bag of meat
     3 | D        | Noticed a bag of meat
     4 | D        | Noticed a bag of meat
     4 | D        | Noticed a bag of meat
     4 | D        | Noticed a bag of meat
     6 | D        | Noticed a bag of meat
     6 | D        | Noticed a bag of meat
     7 | D        | Noticed a meat berserker
     8 | D        | Noticed a meat berserker
     8 | D        | Became a worshipper of Makhleb the Destroyer
     8 | D        | Noticed a meat berserker
     9 | D        | Killed a bag of meat
     9 | D        | Reached skill level 14 in Fighting
     9 | D        | Gained mutation: You are partially covered in molten
                  | scales. (AC +2) [demonic ancestry]
     9 | D        | Reached XP level 2. HP: 17/43 MP: 2/2
     9 | D        | Reached XP level 3. HP: 19/49 MP: 3/3
     9 | D        | Gained mutation: You are immune to rotting. [demonic
                  | ancestry]
     9 | D        | Reached XP level 4. HP: 22/56 MP: 4/4
     9 | D        | Gained mutation: You are mostly covered in molten scales.
                  | (AC +3) [demonic ancestry]
     9 | D        | Reached XP level 5. HP: 24/62 MP: 5/5
     9 | D        | Reached XP level 6. HP: 27/69 MP: 6/6
     9 | D        | Gained mutation: You may emit foul miasma when damaged in
                  | melee. [demonic ancestry]
     9 | D        | Reached XP level 7. HP: 30/75 MP: 7/7
     9 | D        | Gained mutation: A weak demonic guardian rushes to your
                  | aid. [demonic ancestry]
     9 | D        | Reached XP level 8. HP: 32/82 MP: 8/8
     9 | D        | Gained mutation: You are completely covered in molten
                  | scales. (AC +4, rF+) [demonic ancestry]
     9 | D        | Reached XP level 9. HP: 35/88 MP: 9/9
     9 | D        | Gained mutation: You have sharp fingernails. [demonic
                  | ancestry]
     9 | D        | Reached XP level 10. HP: 38/95 MP: 10/10
     9 | D        | Reached XP level 11. HP: 40/101 MP: 11/11
     9 | D        | Killed a meat berserker
     9 | D        | Reached * piety under Makhleb
     9 | D        | Reached skill level 18 in Fighting
     9 | D        | Gained mutation: You have very sharp fingernails. [demonic
                  | ancestry]
     9 | D        | Reached XP level 12. HP: 46/116 MP: 12/12
     9 | D        | Reached XP level 13. HP: 48/122 MP: 13/13
     9 | D        | Mangled by a bag of meat

Skill      XL: |  1  2  3  4  5  6  7  8  9 10 11 |
---------------+----------------------------------+-----
Fighting       | 14 18 | 18.2
Axes           | 13 17 | 17.0
Throwing       | 13 16 | 16.9
Dodging        | 13 17 | 17.0

Action                   |  1- 3 |  4- 6 |  7- 9 | 10-12 | 13-15 || total
-------------------------+-------+-------+-------+-------+-------++-------
Melee: Executioner's axe |     1 |       |       |       |       ||     1
